 Dungeon Crawl Stone Soup version 0.29-a0-222-g5b244fca1f (webtiles) character file.

Game seed: 16466085622990562629

10635 enile the Fighter (level 11, -1/110 HPs)
             Began as a Minotaur Monk on Feb 27, 2022.
             Was a High Priest of Jiyva.
             Slain by a ten-headed hydra (10 damage)
             ... on level 3 of the Lair of Beasts.
             The game lasted 00:20:49 (9386 turns).

enile the Fighter (Minotaur Monk)                   Turns: 9386, Time: 00:20:50

Health: -1/110     AC: 12    Str: 26    XL:     11   Next: 38%
Magic:  10/10      EV: 12    Int: 10    God:    Jiyva [*****.]
Gold:   354        SH:  6    Dex: 17    Spells: 10/10 levels left

rFire   + . .      SeeInvis .   m - +9 hand axe of Dadaum {chaos, rF+}
rCold   . . .      Faith    .   F - +0 buckler
rNeg    . . .      Spirit   .   p - +0 scale mail
rPois   .          Reflect  .   (helmet restricted)
rElec   .          Harm     .   (no cloak)
rCorr   +          Rampage  .   e - +2 pair of gloves
Will    .....                   (no boots)
Stlth   ++........              y - amulet of regeneration
HPRegen 2.52/turn               J - ring of Dawn {AC+4 Int+3}
MPRegen 0.57/turn               P - +6 ring of strength

@: no status effects
A: horns 2, retaliatory headbutt, agile 2, acidic bite, pseudopods 2,
translucent skin 3, tendrils
a: Renounce Religion, Oozemancy, Slimify


You were on level 3 of the Lair of Beasts.
You worshipped Jiyva.
Jiyva was extremely pleased with you.
You visited 2 branches of the dungeon, and saw 12 of its levels.
You also visited: Sewer.

You collected 354 gold pieces.

Inventory:

Hand Weapons
 a - a +0 hand axe
 m - the +9 hand axe of Dadaum (weapon) {chaos, rF+}
   (You took it off a gnoll on level 3 of the Dungeon)

   Each time it hits an enemy it has a different, random effect.
   rF:        It protects you from fire.
 o - a +3 spear
 q - a +2 dagger of venom
 r - a +3 dagger of draining
 D - a +0 antimagic whip
 H - a +0 war axe
 I - the +9 falchion "Beetlebane" {venom, Str+3}
   (You took it off an orc on level 7 of the Dungeon)

   It poisons the flesh of those it strikes.
   Str:       It affects your strength (+3).
 N - the +5 mace "Undertaker" {chaos, Str+2}
   (You found it on level 3 of the Lair of Beasts)

   Each time it hits an enemy it has a different, random effect.
   Str:       It affects your strength (+2).
 Q - a +0 battleaxe
Missiles
 i - 212 stones
Armour
 b - a +0 robe
 e - a +2 pair of gloves (worn)
 p - a +0 scale mail (worn)
 C - +0 steam dragon scales
 F - a +0 buckler (worn)
Jewellery
 y - an amulet of regeneration (around neck)
 B - an amulet of the acrobat
 G - a ring of magical power
 J - the ring of Dawn (left hand) {AC+4 Int+3}
   (You found it on level 8 of the Dungeon)

   [ring of protection]

   AC:        It affects your AC (+4).
   Int:       It affects your intelligence (+3).
 O - a ring of wizardry
 P - a +6 ring of strength (right hand)
Wands
 E - a wand of mindburst (2) (quivered)
 L - a wand of digging (1)
 M - a wand of iceblast (11)
Scrolls
 g - 2 scrolls of torment {unknown}
 j - 2 scrolls of magic mapping {unknown}
 s - a scroll of brand weapon {unknown}
 u - 3 scrolls of teleportation
 v - 2 scrolls of silence
 w - 2 scrolls of fog {unknown}
 x - 4 scrolls of identify {unknown}
Potions
 c - 3 potions of curing {unknown}
 d - a potion of magic {unknown}
 f - 2 potions of cancellation {unknown}
 h - 3 potions of flight {unknown}
 k - 3 potions of lignification {unknown}
 l - 3 potions of mutation {unknown}
 n - 2 potions of might {unknown}
 t - a potion of berserk rage {unknown}
 z - a potion of brilliance {unknown}
 A - a potion of heal wounds {unknown}
 K - 2 potions of haste {unknown}


   Skills:
 - Level 14.0 Fighting
 - Level 11.0 Axes
 - Level 5.0 Throwing
 - Level 7.0 Armour
 + Level 5.2 Dodging
 - Level 4.0 Stealth
 - Level 5.0 Shields
 - Level 3.0 Evocations


You had 10 spell levels left.
You didn't know any spells.
Your spell library contained the following spells:

 Spells                   Type           Power      Damage    Failure   Level
 Slow                     Hex            0%         N/A       71%         1
 Confusing Touch          Hex            0%         N/A       97%         3
 Frozen Ramparts          Ice            0%         1d2       97%         3
 Ozocubu's Armour         Ice            0%         N/A       97%         3
 Vampiric Draining        Necr           0%         2d6       97%         3
 Ice Form                 Ice/Tmut       0%         N/A       100%        4
 Summon Ice Beast         Ice/Summ       0%         N/A       100%        4
 Metabolic Englaciation   Hex/Ice        0%         N/A       100%        5
 Simulacrum               Ice/Necr       0%         N/A       100%        6


Dungeon Overview and Level Annotations

Branches:
Dungeon (8/15)             Temple (0/1) D:5            Lair (4/6) D:8
  Snake (0/4) Lair:3        Sewer (visited)
  Swamp: Lair:2-4    Shoals: Lair:2-4

Altars:
Kikubaaqudgha
Zin
Jiyva

Shops:
D:6 *

Annotations:
Lair:2 Gastronok


Innate Abilities, Weirdness & Mutations

You have a pair of horns on your head.
You reflexively headbutt those who attack you in melee.
You are very agile. (Dex +4)
You have acidic saliva.
Armour fits poorly on your large pseudopods.
Your transparent skin significantly reduces your foes' accuracy. (Stealth+)
You are covered in slimy tendrils that may disarm your opponents.


Message History

You block the ten-headed hydra's attack.
The ten-headed hydra bites you but does no damage.
The ten-headed hydra bites you.
The ten-headed hydra bites you but does no damage.
The ten-headed hydra completely misses you.
The ten-headed hydra bites you.
You block the ten-headed hydra's attack.
The ten-headed hydra closely misses you.
Aiming: Mindburst
Press: ? - help, Q - select action, (/) - cycle Shift-Dir - straight line, f/p - ten-headed hydra
Aim: a ten-headed hydra (severely wounded, chance to affect: 42%)
The ten-headed hydra's minds are blasted!
The ten-headed hydra completely misses you.
The ten-headed hydra closely misses you.
The ten-headed hydra barely misses you. The ten-headed hydra bites you.
The ten-headed hydra barely misses you.
You block the ten-headed hydra's attack.
The ten-headed hydra bites you but does no damage. x2
You block the ten-headed hydra's attack. x2
Aiming: Mindburst
Press: ? - help, Q - select action, (/) - cycle Shift-Dir - straight line, f/p - ten-headed hydra
Aim: a ten-headed hydra (almost dead, chance to affect: 42%)
The ten-headed hydra resists with some effort.
The ten-headed hydra bites you! The ten-headed hydra barely misses you.
The ten-headed hydra completely misses you.
The ten-headed hydra misses you. The ten-headed hydra bites you.
You block the ten-headed hydra's attack.
The ten-headed hydra bites you! The ten-headed hydra barely misses you.
The ten-headed hydra bites you but does no damage.
The ten-headed hydra bites you. The ten-headed hydra bites you.
The ten-headed hydra bites you!
* * * LOW HITPOINT WARNING * * *
The ten-headed hydra barely misses you. The ten-headed hydra bites you!
* * * LOW HITPOINT WARNING * * *
The ten-headed hydra misses you. The ten-headed hydra bites you.
* * * LOW HITPOINT WARNING * * *
The ten-headed hydra bites you!
* * * LOW HITPOINT WARNING * * *
The ten-headed hydra bites you!
You die...

#......#.#.PP...#....###...
#..........P.......##......
###P....#..............##..
###.........<.......#.###..
#.#......#..........##.....
#.......#.................#
####........................
##.#......#.........#........
##.......#...@D.........##....
##.......#...............###.##
#.....###.####...........######
##P..## ### #..........<...##.
##.## ##.......#.###.... ###
#.....P.......##..
###....#...........
#.....#.......##.#.
####.######.....##..#.


You could see a ten-headed hydra.

Vanquished Creatures
  A black mamba (Lair:2)
  8 cane toads
  3 komodo dragons
  A rime drake (Lair:2)
  A polar bear (Lair:3)
  A wind drake (shapeshifter) (Lair:2)
  7 yaks (Lair:2)
  2 basilisks (Lair:2)
  A steam dragon (D:5)
  Eustachio (D:4)
  Menkaure (D:4)
  3 nagas (Lair:3)
  3 wargs (D:8)
  7 water moccasins
  3 ice beasts
  A sky beast (D:7)
  A necrophage (D:4)
  6 black bears
  3 centaurs
  A phantom (D:7)
  Blork the orc (D:6)
  2 kobold brigands
  A gnoll sergeant (D:6)
  6 bullfrogs
  3 electric eels (Lair:3)
  4 wights
  A human zombie (D:4)
  A centaur zombie (D:4)
  A bullfrog zombie (D:4)
  A gnoll shaman (D:5)
  2 orc priests (D:8)
  A hound (D:6)
  2 iguanas (D:4)
  2 orc wizards
  2 scorpion zombies (D:4)
  Natasha (twice) (D:3)
  A hound zombie (D:4)
  2 mummies (D:4)
  Robin (D:3)
  4 adders
  13 gnolls
  3 river rats (D:3)
  2 white imps
  2 ufetubi
  2 adder zombies (D:4)
  2 worms (D:3)
  A dart slug (D:2)
  11 orcs
  10 ball pythons
  4 bats
  2 endoplasms
  3 giant cockroaches (D:3)
  13 goblins
  3 hobgoblins
  12 jackals
  3 quokkas (D:1)
  6 frilled lizards
  9 kobolds
  12 rats
208 creatures vanquished.

Vanquished Creatures (collateral kills)
  A rime drake (Lair:3)
  A komodo dragon (Lair:2)
  An orc warrior (D:7)
  An orc wizard (D:7)
  An orc (D:7)
5 creatures vanquished.

Vanquished Creatures (others)
  A fire giant (shapeshifter) (Lair:3)
  A rust devil (D:5)
  A slime creature (Lair:3)
  Sigmund (D:3)
  2 yaks (Lair:3)
  A basilisk (Lair:1)
  2 water moccasins (Lair:1)
  2 sky beasts (D:5)
  A bullfrog (Lair:2)
  A gnoll sergeant (D:5)
  A howler monkey (D:4)
  A hound (D:4)
  32 jellies
  An orc priest (D:8)
  Natasha (D:3)
  An iguana (D:7)
  An orc wizard (D:8)
  A hound zombie (D:4)
  4 gnolls (D:5)
  5 adders
  A river rat (Sewer)
  7 orcs
  4 ball pythons
  An endoplasm (D:4)
  2 goblins
  A hobgoblin (D:3)
  2 kobolds
  A frilled lizard (Sewer)
  3 rats (Sewer)
  37 fungi
  53 plants
173 creatures vanquished.

Grand Total: 386 creatures vanquished

Notes
Turn   | Place    | Note
-------+----------+-------------------------------------------
     0 | D:1      | enile the Minotaur Monk began the quest for the Orb.
     0 | D:1      | Reached XP level 1. HP: 19/19 MP: 0/0
    22 | D:1      | Reached skill level 4 in Fighting
   293 | D:1      | Reached XP level 2. HP: 28/28 MP: 1/1
  1138 | D:2      | Reached skill level 5 in Fighting
  1273 | D:2      | Reached XP level 3. HP: 36/36 MP: 2/2
  2053 | D:2      | Reached skill level 6 in Fighting
  2053 | D:2      | Reached XP level 4. HP: 18/44 MP: 3/3
  2799 | D:3      | Noticed Robin
  2814 | D:3      | Killed Robin
  2890 | D:3      | Reached XP level 5. HP: 24/49 MP: 4/4
  2923 | D:3      | Reached skill level 7 in Fighting
  3019 | D:3      | Identified the +9 hand axe of Dadaum {chaos, rF+}
  3020 | D:3      | Found a faded altar of an unknown god.
  3027 | D:3      | Prayed at the altar of an unknown god.
  3027 | D:3      | Became a worshipper of Jiyva Jixzerro the Shapeless
  3027 | D:3      | Reached * piety under Jiyva
  3027 | D:3      | Reached ** piety under Jiyva
  3142 | D:3      | Noticed Natasha
  3147 | D:3      | Killed Natasha
  3179 | D:3      | Killed Sigmund
  3207 | D:3      | Reached *** piety under Jiyva
  3290 | D:3      | Noticed Natasha
  3295 | D:3      | Killed Natasha
  3335 | D:3      | Found a glowing drain.
  3340 | Sewer    | Entered a sewer
  3394 | Sewer    | Reached skill level 8 in Fighting
  3568 | D:3      | Reached XP level 6. HP: 55/61 MP: 5/5
  3611 | D:3      | Killed Natasha
  4242 | D:4      | Noticed Eustachio
  4244 | D:4      | Reached **** piety under Jiyva
  4244 | D:4      | Gained mutation: Your translucent skin slightly reduces
                  | your foes' accuracy. (Stealth+) [Jiyva's grace]
  4244 | D:4      | Gained mutation: Your translucent skin reduces your foes'
                  | accuracy. (Stealth+) [Jiyva's grace]
  4244 | D:4      | Gained mutation: Your transparent skin significantly
                  | reduces your foes' accuracy. (Stealth+) [Jiyva's grace]
  4244 | D:4      | Gained mutation: You are robust. (+10% HP) [Jiyva's grace]
  4263 | D:4      | Killed Eustachio
  4264 | D:4      | Reached skill level 5 in Axes
  4330 | D:4      | Noticed Menkaure
  4333 | D:4      | Killed Menkaure
  4334 | D:4      | Reached XP level 7. HP: 54/75 MP: 6/6
  4526 | D:4      | Found an ancient bone altar of Kikubaaqudgha.
  4576 | D:4      | Reached skill level 5 in Armour
  4743 | D:5      | Entered Level 5 of the Dungeon
  4773 | D:5      | Noticed a steam dragon
  4783 | D:5      | Killed a steam dragon
  4784 | D:5      | Reached XP level 8. HP: 82/82 MP: 7/7
  4788 | D:5      | Killed a rust devil
  4953 | D:5      | Reached ***** piety under Jiyva
  4959 | D:5      | Reached skill level 9 in Fighting
  5056 | D:5      | Found a staircase to the Ecumenical Temple.
  5621 | D:6      | Noticed Blork the orc
  5630 | D:6      | Killed Blork the orc
  5633 | D:6      | Reached skill level 10 in Fighting
  5891 | D:6      | Found a glowing silver altar of Zin.
  5897 | D:6      | Found Ownosusa's CLEARANCE SALE!.
  6188 | D:7      | Reached skill level 1 in Shields
  6248 | D:7      | Reached skill level 5 in Shields
  6248 | D:7      | Reached XP level 9. HP: 91/93 MP: 8/8
  6280 | D:7      | Lost mutation: You are robust. (+10% HP) [Jiyva's grace]
  6280 | D:7      | Gained mutation: Armour fits poorly on your pseudopods.
                  | [Jiyva's grace]
  6280 | D:7      | Gained mutation: Armour fits poorly on your large
                  | pseudopods. [Jiyva's grace]
  6280 | D:7      | Gained mutation: Armour fits poorly on your massive
                  | pseudopods. [Jiyva's grace]
  6280 | D:7      | Gained mutation: Your flesh is heat resistant. (rF+)
                  | [Jiyva's grace]
  6340 | D:7      | Identified the +9 falchion "Beetlebane" {venom, Str+3}
  6651 | D:8      | Identified the ring of Dawn {AC+4 Int+3}
  6694 | D:8      | Found a staircase to the Lair.
  6931 | D:8      | Reached skill level 11 in Fighting
  7103 | Lair:1   | Entered Level 1 of the Lair of Beasts
  7107 | Lair:1   | Noticed a cane toad
  7117 | Lair:1   | Killed a cane toad
  7150 | Lair:1   | Noticed a komodo dragon
  7155 | Lair:1   | Killed a komodo dragon
  7156 | Lair:1   | Reached skill level 12 in Fighting
  7158 | Lair:1   | Noticed a catoblepas
  7168 | Lair:1   | Slimified a catoblepas
  7168 | Lair:1   | Noticed an acid blob
  7168 | Lair:1   | a catoblepas changed into an acid blob
  7596 | Lair:1   | Noticed a cane toad
  7603 | Lair:1   | Killed a cane toad
  7604 | Lair:1   | Reached skill level 1 in Evocations
  7604 | Lair:1   | Reached XP level 10. HP: 85/97 MP: 9/9
  7790 | Lair:2   | Noticed a cane toad
  7796 | Lair:2   | Killed a cane toad
  7827 | Lair:2   | Lost mutation: Your flesh is heat resistant. (rF+) [Jiyva's
                  | grace]
  7827 | Lair:2   | Lost mutation: Armour fits poorly on your massive
                  | pseudopods. [Jiyva's grace]
  7827 | Lair:2   | Gained mutation: You have acidic saliva. [Jiyva's grace]
  7827 | Lair:2   | Gained mutation: You are agile. (Dex +2) [Jiyva's grace]
  7827 | Lair:2   | Gained mutation: You are very agile. (Dex +4) [Jiyva's
                  | grace]
  7827 | Lair:2   | Gained mutation: You are covered in slimy tendrils that may
                  | disarm your opponents. [Jiyva's grace]
  7954 | Lair:2   | Noticed a cane toad
  7959 | Lair:2   | Noticed a black mamba
  7962 | Lair:2   | Killed a cane toad
  7963 | Lair:2   | Reached skill level 13 in Fighting
  7968 | Lair:2   | Killed a black mamba
  8031 | Lair:2   | Reached skill level 14 in Fighting
  8122 | Lair:2   | Noticed an eight-headed hydra
  8148 | Lair:2   | a nine-headed hydra changed into a shapeshifter
  8157 | Lair:2   | Reached ****** piety under Jiyva
  8172 | Lair:2   | Noticed Gastronok
  8217 | Lair:2   | Noticed a cane toad
  8226 | Lair:2   | Killed a cane toad
  8236 | Lair:2   | Reached skill level 5 in Throwing
  8239 | Lair:2   | Reached XP level 11. HP: 96/110 MP: 10/10
  8630 | Lair:3   | Reached skill level 10 in Axes
  8647 | Lair:3   | Noticed a six-headed hydra
  8660 | Lair:3   | Identified the +5 mace "Undertaker" {chaos, Str+2}
  8892 | Lair:3   | Noticed a five-headed hydra
  8907 | Lair:3   | Slimified a five-headed hydra
  8907 | Lair:3   | a five-headed hydra changed into a slime creature
  8924 | Lair:3   | Found a staircase to the Snake Pit.
  9030 | Lair:3   | Noticed an eight-headed hydra
  9101 | Lair:4   | Noticed a glowing shapeshifter
  9101 | Lair:4   | a blink frog changed into a glowing shapeshifter
  9102 | Lair:4   | Noticed a swamp dragon
  9102 | Lair:4   | a glowing shapeshifter changed into a swamp dragon
  9102 | Lair:4   | Noticed a radroach
  9102 | Lair:4   | a glowing shapeshifter changed into a radroach
  9103 | Lair:4   | Noticed a deep troll
  9103 | Lair:4   | a swamp dragon changed into a deep troll
  9105 | Lair:4   | Noticed a death drake
  9105 | Lair:4   | a deep troll changed into a death drake
  9111 | Lair:3   | Noticed an ice dragon
  9111 | Lair:3   | a radroach changed into an ice dragon
  9112 | Lair:3   | Noticed a bunyip
  9112 | Lair:3   | an ice dragon changed into a bunyip
  9113 | Lair:3   | Noticed a goliath frog
  9113 | Lair:3   | a bunyip changed into a goliath frog
  9114 | Lair:3   | a goliath frog changed into something unseen
  9296 | Lair:3   | Reached skill level 5 in Dodging
  9351 | Lair:3   | Killed a fire giant
  9386 | Lair:3   | Slain by a ten-headed hydra

Illustrated notes

Levels and vault maps discovered:
D:1:      mrwooster_arrival_arrow, layout_basic, minmay_stone_trees_small
D:2:      layout_basic
D:3:      layout_basic, shapermc_ecumenical_altar_mp_highgroup,
          portal_sewer_entry_e, uniq_robin, uniq_natasha, uniq_sigmund
D:4:      layout_basic, lemuel_mausoleum_altar_kikubaaqudgha, uniq_eustachio,
          uniq_menkaure
D:5:      cheibrodos_iron_armory, layout_basic, temple_fountains,
          nicolae_elevator_lobby_plus
D:6:      layout_loops_ring, zin_scriptorium, nicolae_shop_clearance,
          uniq_blork_the_orc
D:7:      layout_rooms
D:8:      layout_rooms, erik_lair_orcish_takeover
Lair:1:   layout_loops_ring
Lair:2:   layout_regular_city, minivault_27, columned_hall_lemuel,
          infiniplex_staircase_pool, uniq_gastronok
Lair:3:   layout_misc_corridors, guppyfry_snake_entry_garden,
          gammafunk_lair_bear_cave, serial_bayou_shore_a
Lair:4:   layout_big_grid, minmay_swamp_entry_worms, gammafunk_ghost_hive,
          st_stairs_9

Skill      XL: |  1  2  3  4  5  6  7  8  9 10 11 |
---------------+----------------------------------+-----
Fighting       | 4 5 6 8 10 12 14 | 14.0
Axes           | 4 5 7 9 11 | 11.0
Armour         | 3 7 |  7.0
Shields        | 5 |  5.0
Throwing       | 3 5 |  5.0
Evocations     | 1 3 |  3.0
Stealth        | 4 |  4.0
Dodging        | 5 |  5.2

Action                   |  1- 3 |  4- 6 |  7- 9 | 10-12 || total
-------------------------+-------+-------+-------+-------++-------
Melee: Hand axe          |    68 |    61 |   149 |   170 ||   448
       Headbutt          |     8 |    17 |    46 |    40 ||   111
       Dagger            |       |    48 |       |       ||    48
       Spear             |       |    11 |       |       ||    11
       Punch             |       |     2 |       |       ||     2
       Falchion          |       |       |    22 |       ||    22
       Pseudopods        |       |       |     5 |    37 ||    42
       Bite              |       |       |       |    22 ||    22
Invok: Slimify           |       |       |     1 |     2 ||     3
Evoke: Wand              |       |       |     5 |     5 ||    10
  Use: Scroll            |       |     2 |     2 |       ||     4
 Stab: Sleeping          |     3 |     2 |       |     1 ||     6
       Confused          |       |       |     1 |       ||     1
Armor: Robe              |    23 |       |       |       ||    23
       Scale mail        |       |    37 |    75 |    90 ||   202
Dodge: Dodged            |    52 |    60 |   127 |   161 ||   400
Block: Buckler           |       |       |    22 |    55 ||    77

Table legend: (Time is in decaauts)
 A = Elapsed time spent in this place.
 B = Non-inter-level travel time spent in this place.
 C = Inter-level travel time spent in this place.
 D = Time resting spent in this place.
 E = Time spent auto-exploring this place.
 F = Levels seen in this place.
 G = Mean time per level.
                   A        B        C        D        E       F      G
               +--------+--------+--------+--------+--------+-----+--------+
         Total |   9445 |   8929 |    516 |    341 |   6472 |  13 |  726.5 |
       Dungeon |   6906 |   6504 |    402 |    203 |   4803 |   8 |  863.2 |
          Lair |   2272 |   2158 |    114 |    138 |   1454 |   4 |  568.0 |
         Sewer |    266 |    266 |      0 |      0 |    215 |   1 |  266.0 |
               +--------+--------+--------+--------+--------+-----+--------+

Top non-repeatable levels by time:
     D:2: 1453 daAuts
     D:1: 1304 daAuts
     D:3: 1154 daAuts
  Lair:2: 1011 daAuts
     D:5: 844 daAuts
  Lair:1: 650 daAuts
     D:4: 626 daAuts
  Lair:3: 599 daAuts
     D:6: 587 daAuts
     D:8: 472 daAuts
     D:7: 462 daAuts
   Sewer: 266 daAuts
  Lair:4: 11 daAuts
